 Dungeon Crawl Stone Soup version 0.30.0-30-g96aa6591b8 (webtiles) character file.

Game seed: 14949065126540916634

20013 acarine the Bludgeoner (level 12, -5/123 HPs)
             Began as a Troll Warper on July 1, 2023.
             Was a High Priest of Makhleb.
             Slain by a seven-headed hydra (7 damage)
             ... on level 3 of the Lair of Beasts.
             The game lasted 00:26:21 (10369 turns).

acarine the Bludgeoner (Troll Warper)              Turns: 10369, Time: 00:26:22

Health: -5/123     AC:  8    Str: 22    XL:     12   Next: 41%
Magic:  12/12      EV: 30    Int:  9    God:    Makhleb [*****.]
Gold:   557        SH:  0    Dex: 19    Spells: 10/13 levels left

rFire   . . .        l - +5 giant club
rCold   . . .        (shield currently unavailable)
rNeg    . . .        b - +1 robe
rPois   .            (helmet restricted)
rElec   .            w - +2 cloak
rCorr   .            (gloves unavailable)
SInv    .            (boots unavailable)
Will    .....        i - amulet of the acrobat
Stlth   ++           K - +6 ring of dexterity
HPRegen 1.20/turn    (no ring)
MPRegen 0.13/turn

%: acrobat
@: about to teleport, acrobatic, studying Shields
A: large, unfitting armour, claws 3, regeneration 1, shaggy fur 1, tough skin 1
a: Renounce Religion, Minor Destruction, Lesser Servant of Makhleb, Major
Destruction, Greater Servant of Makhleb


You were on level 3 of the Lair of Beasts.
You worshipped Makhleb.
Makhleb was extremely pleased with you.
You visited 3 branches of the dungeon, and saw 14 of its levels.
You also visited: Bailey.

You collected 706 gold pieces.
You spent 149 gold pieces at shops.

Inventory:

Hand Weapons
 l - a +5 giant club (weapon)
 B - a +3 flail of draining
Missiles
 d - 6 boomerangs of dispersal
 r - 4 curare-tipped darts (quivered)
 s - a boomerang
 G - 3 atropa-tipped darts
Armour
 b - a +1 robe (worn)
 w - a +2 cloak (worn)
Jewellery
 i - an amulet of the acrobat (around neck)
 K - a +6 ring of dexterity (left claw)
Wands
 n - a wand of paralysis (4)
 v - a wand of roots (7)
 C - a wand of digging (2)
 E - a wand of polymorph (10)
 H - a wand of flame (7)
 J - a wand of quicksilver (12)
Scrolls
 c - 2 scrolls of identify
 e - 2 scrolls of enchant armour
 g - 2 scrolls of magic mapping
 m - a scroll of immolation
 o - a scroll of fear {unknown}
 y - 5 scrolls of teleportation
Potions
 a - a potion of resistance {unknown}
 f - a potion of haste
 h - 2 potions of mutation {unknown}
 j - 3 potions of flight
 k - 2 potions of magic {unknown}
 p - a potion of ambrosia {unknown}
 q - a potion of curing
 t - 4 potions of attraction
 u - 2 potions of cancellation {unknown}
 A - 2 potions of brilliance {unknown}
 F - 2 potions of degeneration {unknown}
 I - a potion of lignification {unknown}


   Skills:
 + Level 9.3 Fighting
 + Level 15.0 Maces & Flails
 - Level 0.8 Throwing
 - Level 3.5 Armour
 + Level 9.4 Dodging
 - Level 1.2 Spellcasting
 - Level 2.1 Translocations


You had 10 spell levels left.
You knew the following spells:

 Your Spells              Type           Power      Damage    Failure   Level
a - Blink                 Tloc           8%         N/A       22%         2
b - Apportation           Tloc           8%         N/A       14%         1

Your spell library contained the following spells:

 Spells                   Type           Power      Damage    Failure   Level
 Lesser Beckoning         Tloc           8%         N/A       22%         2
 Gell's Gravitas          Tloc           4%         N/A       41%         3
 Teleport Other           Tloc           4%         N/A       41%         3
 Cigotuvi's Dreadful Rot  Necr/Pois/Air  0%         N/A       50%         2
 Ensorcelled Hibernation  Hex/Ice        0%         N/A       50%         2
 Passwall                 Tmut/Erth      0%         N/A       50%         2
 Sublimation of Blood     Necr           0%         N/A       50%         2
 Wereblood                Tmut           0%         N/A       50%         2
 Vhi's Electric Charge    Tloc/Air       4%         N/A       56%         3
 Volatile Blastmotes      Fire/Tloc      4%         2d10      56%         3
 Frozen Ramparts          Ice            0%         1d1       73%         3
 Ignite Poison            Fire/Tmut/Pois 0%         N/A       73%         3
 Swiftness                Air            0%         N/A       73%         3
 Manifold Assault         Tloc           4%         N/A       82%         4
 Iskenderun's Mystic Bla  Conj/Tloc      2%         2d3       93%         4
 Animate Dead             Necr           0%         N/A       98%         4
 Dispel Undead            Necr           0%         3d6       98%         4
 Fulminant Prism          Conj/Hex       0%         3d5       98%         4
 Ice Form                 Ice/Tmut       0%         N/A       98%         4
 Summon Ice Beast         Ice/Summ       0%         N/A       98%         4
 Alistair's Intoxication  Tmut/Pois      0%         N/A       100%        5
 Freezing Cloud           Conj/Ice/Air   0%         6-21      100%        5
 Lee's Rapid Deconstruct  Erth           0%         3d4*      100%        5
 Death Channel            Necr           0%         N/A       100%        6
 Dispersal                Tloc           2%         N/A       100%        6
 Haunt                    Necr/Summ      0%         N/A       100%        7
 Summon Hydra             Summ           0%         N/A       100%        7
 Infestation              Necr           0%         N/A       100%        8


Dungeon Overview and Level Annotations

Branches:
Dungeon (10/15)            Temple (1/1) D:4            Lair (3/5) D:8
 Bailey (visited)
  Swamp: Lair:2-3    Shoals: Lair:2-3     Snake: Lair:2-3    Spider: Lair:2-3
    Orc: D:9-12

Altars:
Ashenzari
Cheibriados
Dithmenos
Elyvilon
Fedhas
Gozag
Hepliaklqana
Kikubaaqudgha
Makhleb
Nemelex Xobeh
Okawaru
Qazlal
Ru
Sif Muna
Trog
Uskayaw
Vehumet
Wu Jian
Xom
Yredelemnul
Zin
The Shining One

Shops:
D:4 [   D:9 [

Annotations:
D:4 Eustachio, Ijyb
D:7 2 transporters, BillyBaka's ghost, novice AtFi


Innate Abilities, Weirdness & Mutations

You are too large for most types of armour.
You have claws for hands.
Your natural rate of healing is unusually fast.
You are covered in fur. (AC +1)
You have tough skin. (AC +1)


Message History

The seven-headed hydra bites you! The seven-headed hydra bites you.
The seven-headed hydra bites you! The seven-headed hydra bites you. x2
The seven-headed hydra bites you! The seven-headed hydra bites you.
You hit the seven-headed hydra.
The seven-headed hydra is moderately wounded.
The seven-headed hydra bites you. The seven-headed hydra bites you! x2
The seven-headed hydra bites you but does no damage.
The seven-headed hydra completely misses you.
The seven-headed hydra bites you but does no damage.
The seven-headed hydra bites you!
As you read the scroll of teleportation, it crumbles to dust.
You feel strangely unstable. The seven-headed hydra bites you!
* * * LOW HITPOINT WARNING * * *
The seven-headed hydra barely misses you.
The seven-headed hydra bites you!
* * * LOW HITPOINT WARNING * * *
The seven-headed hydra bites you.
* * * LOW HITPOINT WARNING * * *
The seven-headed hydra barely misses you.
The seven-headed hydra bites you but does no damage.
The seven-headed hydra misses you.
You feel much better. The seven-headed hydra bites you.
The seven-headed hydra misses you. The seven-headed hydra bites you!
* * * LOW HITPOINT WARNING * * *
The seven-headed hydra bites you but does no damage.
The seven-headed hydra bites you.
* * * LOW HITPOINT WARNING * * *
The seven-headed hydra barely misses you.
The seven-headed hydra bites you!
* * * LOW HITPOINT WARNING * * *
The seven-headed hydra attacks as you move away!
The seven-headed hydra barely misses you.
The seven-headed hydra bites you!
* * * LOW HITPOINT WARNING * * *
The seven-headed hydra completely misses you.
The seven-headed hydra bites you.
* * * LOW HITPOINT WARNING * * *
The seven-headed hydra completely misses you.
The seven-headed hydra bites you!
You die...

P......# ###.##......##.
#....#........ ..
#...........# ....#
....#......## .. ......
#.#........### ...
#......###.........#..####...
#......................>.....
............@..............^.
...........D.................
.............................
.........(...................
#.................###.####..(
P.....<...........###..###...
.....#.P'#+####..........P...
......##.#..####..##.....'...
P....# #.#...##...##....P#...


You could see a seven-headed hydra.

Vanquished Creatures
  A hydra (Lair:1)
  A boulder beetle (Lair:3)
  A two-headed ogre (D:9)
  An orc knight (Bailey)
  6 elephants (Lair:1)
  A black mamba (Lair:3)
  6 cane toads
  A rime drake (Lair:2)
  A komodo dragon (Lair:2)
  A polar bear (Lair:1)
  12 blink frogs (Lair:2)
  Prince Ribbit (D:6)
  A hornet (D:9)
  Sigmund (D:6)
  2 wyverns
  27 yaks
  Edmund (D:6)
  6 water moccasins
  An ice beast (D:7)
  14 orc warriors
  2 sky beasts
  5 black bears
  An ogre (D:6)
  4 centaurs
  A phantom (D:5)
  5 kobold brigands
  8 bullfrogs
  A scorpion (D:6)
  10 wights
  12 killer bees
  2 howler monkeys
  An electric eel (D:6)
  A lava snake (D:8)
  2 orc priests (D:9)
  5 hounds
  A jelly (D:5)
  2 sleepcaps (D:5)
  A gnoll bouda (D:5)
  6 iguanas
  3 orc wizards
  4 gnolls (D:5)
  9 adders
  3 river rats (D:4)
  2 shadow imps
  2 ufetubi
  2 worms (D:4)
  7 dart slugs
  26 orcs
  7 ball pythons
  8 bats
  6 endoplasms
  3 giant cockroaches
  6 hobgoblins
  10 jackals
  A quokka (D:1)
  11 goblins
  24 kobolds
  5 rats
  4 rat zombies (D:5)
299 creatures vanquished.

Notes
Turn   | Place    | Note
-------+----------+-------------------------------------------
     0 | D:1      | acarine the Troll Warper began the quest for the Orb.
     0 | D:1      | Reached XP level 1. HP: 19/19 MP: 1/1
    41 | D:1      | Reached skill level 2 in Maces & Flails
   128 | D:1      | Reached XP level 2. HP: 26/27 MP: 2/2
   575 | D:1      | Reached skill level 3 in Maces & Flails
   663 | D:2      | Reached XP level 3. HP: 33/33 MP: 3/3
   666 | D:2      | Learned a level 2 spell: Blink
   940 | D:2      | You fall into a shaft and drop 2 floors!
  1032 | D:4      | Noticed a centaur
  1308 | D:2      | Found an ancient bone altar of Kikubaaqudgha.
  1329 | D:2      | Reached skill level 4 in Maces & Flails
  1329 | D:2      | Reached XP level 4. HP: 39/41 MP: 4/4
  1646 | D:3      | Found a snail-covered altar of Cheibriados.
  2107 | D:3      | Found a shimmering blue altar of Sif Muna.
  2151 | D:4      | Killed a centaur
  2152 | D:4      | Reached skill level 5 in Maces & Flails
  2152 | D:4      | Reached XP level 5. HP: 41/48 MP: 5/5
  2341 | D:4      | Noticed a centaur
  2359 | D:4      | Killed a centaur
  2360 | D:4      | Reached skill level 6 in Maces & Flails
  2360 | D:4      | Reached XP level 6. HP: 34/55 MP: 6/6
  2440 | D:4      | Found an ornate altar of the Wu Jian Council.
  2441 | D:4      | Found a white marble altar of Elyvilon.
  2451 | D:4      | Noticed Ijyb
  2534 | D:4      | Found Ockuatta's Armour Emporium.
  2537 | D:4      | Bought a +1 cloak for 149 gold pieces
  2561 | D:4      | Found a staircase to the Ecumenical Temple.
  2593 | Temple   | Entered the Ecumenical Temple
  2645 | Temple   | Became a worshipper of Makhleb the Destroyer
  2672 | D:4      | Reached skill level 7 in Maces & Flails
  2826 | D:4      | Found a stormy altar of Qazlal.
  2827 | D:4      | Noticed Eustachio
  3172 | D:5      | Entered Level 5 of the Dungeon
  3193 | D:5      | Reached skill level 8 in Maces & Flails
  3230 | D:5      | Reached XP level 7. HP: 61/62 MP: 7/7
  3280 | D:5      | Reached skill level 9 in Maces & Flails
  3466 | D:4      | Reached * piety under Makhleb
  3589 | D:5      | Found a broken altar of Ashenzari.
  3713 | D:5      | Reached XP level 8. HP: 30/74 MP: 8/8
  3850 | D:5      | Found an ancient bone altar of Kikubaaqudgha.
  4230 | D:6      | Found a large runed translucent door.
  4230 | D:6      | Found a shimmering altar of Xom.
  4230 | D:6      | Found a large runed translucent door.
  4236 | D:6      | Identified the +4 rapier "Cotax" {chaos, rC- Will+ Dex+7}
  4240 | D:6      | Reached skill level 10 in Maces & Flails
  4271 | D:6      | Noticed Edmund
  4288 | D:6      | Killed Edmund
  4423 | D:6      | Found a glowing golden altar of the Shining One.
  4501 | D:6      | Noticed Prince Ribbit
  4507 | D:6      | Killed Prince Ribbit
  4569 | D:6      | Reached skill level 11 in Maces & Flails
  4611 | D:6      | Noticed Sigmund
  4618 | D:6      | Killed Sigmund
  4729 | D:6      | Reached XP level 9. HP: 85/85 MP: 9/9
  4931 | D:7      | Reached ** piety under Makhleb
  5121 | D:7      | Reached skill level 5 in Dodging
  5158 | D:7      | Reached skill level 5 in Fighting
  5170 | D:7      | Found a transporter.
  5200 | D:7      | Noticed BillyBaka's ghost (novice AtFi)
  5247 | D:7      | Found a transporter.
  5283 | D:7      | Reached skill level 12 in Maces & Flails
  5973 | D:8      | Found a staircase to the Lair.
  5978 | Lair:1   | Entered Level 1 of the Lair of Beasts
  5995 | Lair:1   | Learned a level 1 spell: Apportation
  6020 | Lair:1   | Noticed a cane toad
  6029 | Lair:1   | Killed a cane toad
  6030 | Lair:1   | Reached XP level 10. HP: 98/98 MP: 10/10
  6123 | Lair:1   | Noticed a cane toad
  6134 | Lair:1   | Killed a cane toad
  6135 | Lair:1   | Reached skill level 13 in Maces & Flails
  6220 | Lair:1   | HP: 1/98 [komodo dragon (27)]
  6358 | D:8      | Reached *** piety under Makhleb
  7007 | D:9      | Found a hazy altar of Hepliaklqana.
  7178 | D:9      | Found a flagged portal.
  7208 | Bailey   | Entered a bailey
  7244 | Bailey   | Reached **** piety under Makhleb
  7361 | Bailey   | Reached XP level 11. HP: 108/109 MP: 11/11
  7438 | Bailey   | Noticed an orc knight
  7438 | Bailey   | Noticed an orc knight
  7495 | Bailey   | Killed an orc knight
  7496 | Bailey   | Reached skill level 1 in Armour
  7511 | Bailey   | Reached skill level 14 in Maces & Flails
  7691 | D:9      | Paralysed by a hornet for 1 turns
  7785 | D:9      | Found Egorrean's Antique Armour Shop.
  7820 | D:9      | Noticed a two-headed ogre
  7827 | D:9      | Killed a two-headed ogre
  8324 | D:10     | Entered Level 10 of the Dungeon
  8545 | Lair:1   | Noticed a six-headed hydra
  8605 | Lair:1   | Killed a six-headed hydra
  9475 | Lair:2   | Reached XP level 12. HP: 96/122 MP: 12/12
  9495 | Lair:2   | Reached ***** piety under Makhleb
 10268 | Lair:3   | Noticed a boulder beetle
 10277 | Lair:3   | Killed a boulder beetle
 10278 | Lair:3   | Reached skill level 15 in Maces & Flails
 10356 | Lair:3   | Noticed a seven-headed hydra
 10369 | Lair:3   | HP: 4/123 [seven-headed hydra (11)]
 10369 | Lair:3   | Slain by a seven-headed hydra

Illustrated notes

Levels and vault maps discovered:
D:1:      minmay_arrival_open_corners, layout_loops_cross, grunt_decor_arrowhead
D:2:      layout_loops_ring, basic_altar, kennysheep_big_empty_room,
          serial_bayou_pond_e
D:3:      layout_basic, nicolae_sif_muna_condensation,
          nicolae_overflow_crystal_walls, kennysheep_boxes
D:4:      layout_loops_ring, nicolae_overflow_hidden_temple,
          minmay_temple_entry_slanted, serial_shops, kennysheep_mini,
          lightli_sewer_entry_pipes, minmay_manual_mares, uniq_eustachio,
          uniq_ijyb
D:5:      layout_cave_pools, lemuel_zombie_altar_kikubaaqudgha,
          nicolae_ashenzari_panopticon, serial_park, serial_park_tiny_1,
          serial_park_square3 [serial_park_minivault_5x5_6], serial_park_square3
          [serial_park_minivault_5x5_1]
D:6:      due_chaos_kobolds, layout_cave_pools, nicolae_tso_carved_into_rock,
          serial_park, serial_park_fountain, serial_park_tiny_pond,
          serial_park_tiny_1, uniq_prince_ribbit1, uniq_edmund, uniq_sigmund
D:7:      lemuel_ice_spiral_2, layout_basic, gammafunk_ghost_arena,
          dk_noncrumbling_3
D:8:      layout_loops_ring, lair_entry_dummy, kennysheep_another_room
D:9:      layout_stronghold, mainiacjoe_overflow_surrounded_room,
          enter_bailey_5, serial_shops, shop, nicolae_water_bricks
D:10:     layout_stronghold, erik_orc_4
Temple:   nicolae_temple_ecumenical_triangle
Lair:1:   layout_chaotic_city
Lair:2:   layout_regular_city, grunt_megastairs_3, infiniplex_staircase_pool_2,
          serial_bayou_shore_b
Lair:3:   layout_regular_city, elwin_shoals_entry_rooms,
          minmay_snake_entry_guardpost_medium

Skill      XL: |  1  2  3  4  5  6  7  8  9 10 11 12 |
---------------+-------------------------------------+-----
Maces & Flails | 2 3 4 5 6 8 9 11 12 13 14 15 | 15.0
Dodging        | 2 4 6 7 8 9 |  9.4
Fighting       | 2 4 5 7 8 9 |  9.3
Armour         | 3 |  3.5
Throwing       | |  0.8
Spellcasting   | |  1.2
Translocations | |  2.1

Action                     |  1- 3 |  4- 6 |  7- 9 | 10-12 || total
---------------------------+-------+-------+-------+-------++-------
  Melee: Mace              |   111 |   162 |       |       ||   273
         Punch             |     1 |     1 |     4 |     2 ||     8
         Flail             |       |    40 |   371 |   288 ||   699
         Unarmed           |       |     9 |       |       ||     9
         Giant club        |       |       |       |   230 ||   230
  Throw: Boomerang         |       |     1 |       |       ||     1
         Dart              |       |       |     6 |    15 ||    21
  Evoke: Wand              |       |       |     4 |     7 ||    11
    Use: Scroll            |     1 |     8 |     2 |    16 ||    27
         Potion            |       |       |     2 |     6 ||     8
   Stab: Distracted        |     1 |       |       |       ||     1
         Sleeping          |       |     1 |       |       ||     1
         Paralysed         |       |     1 |     5 |     4 ||    10
 Armour: Robe              |    61 |    97 |   163 |   100 ||   421
  Dodge: Dodged            |    72 |   145 |   252 |   420 ||   889
